 Dungeon Crawl Stone Soup version 0.17.1-3-g152610e (webtiles) character file.

348 inmateoo the Cudgeler (level 6, -1/65 HPs)
             Began as an Ogre Fire Elementalist on Apr 22, 2016.
             Slain by an orc
             ... wielding a +0 hand axe
              (4 damage)
             ... on level 3 of the Dungeon.
             The game lasted 00:06:32 (2733 turns).

inmateoo the Cudgeler (Ogre Fire Elementalist)      Turns: 2733, Time: 00:06:32

Health: -1/65      AC:  4    Str: 16    XL:     6   Next: 60%
Magic:  2/9        EV: 10    Int: 14    God:
Gold:   120        SH:  0    Dex: 10    Spells: 3 memorised, 3 levels left

rFire  . . .     SeeInvis .     h - +0 flail
rCold  . . .     Clarity  .     a - +0 robe
rNeg   + + .     SustAt   .     (no shield)
rPois  .         Gourm    .     (helmet restricted)
rElec  .         Spirit   .     k - +0 cloak
rCorr  .         Warding  .     (gloves unavailable)
rMut   .         Stasis   .     (boots unavailable)
MR     .....                    (no amulet)
Stlth  +.........               l - ring of positive energy
                                d - ring of positive energy

@: lethally poisoned (-1 -> -2), not resistant to hostile enchantments, very
unstealthy
A: unfitting armour, tough skin 1
a: no special abilities


You were on level 3 of the Dungeon.
You were hungry.

You visited 1 branch of the dungeon, and saw 3 of its levels.

You collected 120 gold pieces.

Inventory:

Hand Weapons
 e - a +1 scythe of venom
 f - a +0 club
 h - a +0 flail (weapon)
Armour
 a - a +0 robe (worn)
 k - a +0 cloak (worn)
Jewellery
 d - a ring of positive energy (left hand)
 l - a ring of positive energy (right hand)
 o - an uncursed ring of flight
Scrolls
 g - a scroll of identify
Books
 b - a book of Flames

   Spells                             Type                      Level
   a - Flame Tongue                   Conjuration/Fire             1
   b - Throw Flame                    Conjuration/Fire             2
   c - Conjure Flame                  Conjuration/Fire             3
   d - Inner Flame                    Hexes/Fire                   3
   e - Sticky Flame                   Conjuration/Fire             4
   f - Fireball                       Conjuration/Fire             5
Comestibles
 c - 3 bread rations
 i - a beef jerky
 j - a meat ration
 n - 12 fruits
 q - a slice of pizza


   Skills:
 + Level 4.9 Fighting
 * Level 6.6 Maces & Flails
 - Level 1.7 Dodging
 - Level 1.5 Stealth
 - Level 2.4 Spellcasting
 - Level 0.6 Conjurations
 - Level 2.1 Fire Magic


You had 3 spell levels left.
You knew the following spells:

 Your Spells              Type           Power        Failure   Level  Hunger
a - Flame Tongue          Conj/Fire      #....        14%         1    #......
b - Throw Flame           Conj/Fire      #.....       21%         2    ###....
c - Conjure Flame         Conj/Fire      #.......     38%         3    ###....


Dungeon Overview and Level Annotations

Branches:
Dungeon (3/15)

Altars:
The Shining One


Innate Abilities, Weirdness & Mutations

You are too large for most types of armour.
You have tough skin (AC +1).


Message History

You feel sick. The bat barely misses you.
Unknown command.
The bat hits you but does no damage.
Unknown command.
The bat hits you.
* * * LOW HITPOINT WARNING * * *
Unknown command.
You open the door. The bat hits you but does no damage.
The orc barely misses you.
Unknown command.
You feel sick. The bat barely misses you. The orc hits you.
* * * LOW HITPOINT WARNING * * *
There is an open door, spattered with blood here.
Unknown command.
You aren't carrying any potions.
The bat barely misses you. The bat hits you but does no damage.
Unknown command.
You barely miss the bat. The bat hits you but does no damage.
The orc hits you with a hand axe.
You die...

#.........# .#
#.........###.#
#...............
#...............
#...........#...
###...........#...
#boo..............
#o#...........#
#@#...........#
#.#........†..# #
#.########[#..#.## #.#
###)#......
#####.######..........
#...................).
##.##.##.####.....####
#.##.##..o...........
##.##.##.###......###.


You could see 2 orcs and a bat.

Vanquished Creatures
  Sigmund (D:3)
  An orc wizard (D:3)
  Ijyb (D:2)
  6 adders
  4 oozes
  A worm (D:2)
  2 giant geckos
  4 orcs (D:3)
  A giant cockroach (D:2)
  3 hobgoblins (D:2)
  4 jackals (D:3)
  5 bats
  5 giant newts
  10 goblins
  10 kobolds
  4 rats
62 creatures vanquished.

Notes
Turn   | Place    | Note
--------------------------------------------------------------
     0 | D:1      | inmateoo the Ogre Fire Elementalist began the quest for the Orb.
     0 | D:1      | Reached XP level 1. HP: 16/16 MP: 3/3
   153 | D:1      | Reached skill level 1 in Fighting
   241 | D:1      | Reached skill level 1 in Maces & Flails
   261 | D:1      | Reached XP level 2. HP: 19/27 MP: 0/5
   646 | D:2      | Noticed Ijyb
   663 | D:2      | Killed Ijyb
   663 | D:2      | Reached skill level 3 in Maces & Flails
   663 | D:2      | Reached XP level 3. HP: 29/36 MP: 0/6
   719 | D:2      | Learned a level 2 spell: Throw Flame
   723 | D:2      | Learned a level 3 spell: Conjure Flame
   800 | D:2      | Reached XP level 4. HP: 41/44 MP: 1/7
   939 | D:2      | Reached skill level 4 in Maces & Flails
  1278 | D:2      | Found a glowing golden altar of the Shining One.
  1527 | D:2      | Reached XP level 5. HP: 51/53 MP: 0/8
  2160 | D:3      | Noticed Sigmund
  2276 | D:3      | Killed Sigmund
  2276 | D:3      | Reached skill level 6 in Maces & Flails
  2276 | D:3      | Reached XP level 6. HP: 11/63 MP: 2/9
  2730 | D:3      | HP: 2/65 [orc (5)]
  2733 | D:3      | Slain by an orc

Action                   |  1- 3 |  4- 6 || total
-------------------------+-------+-------++-------
Melee: Club              |    23 |    73 ||    96
       Unarmed           |     1 |       ||     1
       Scythe            |       |     3 ||     3
       Flail             |       |     1 ||     1
 Cast: Flame Tongue      |    33 |    68 ||   101
       Throw Flame       |     1 |     4 ||     5
       Conjure Flame     |       |     2 ||     2
  Use: Scroll            |       |     5 ||     5
       Potion            |       |     4 ||     4
  Eat: Chunk             |       |     8 ||     8
